 Dungeon Crawl Stone Soup version 0.22.0 (webtiles) character file.

154 Matezma the Chopper (level 5, 0/37 HPs)
             Began as an Octopode Monk on Nov 3, 2018.
             Slain by a scorpion (4 damage)
             ... on level 4 of the Dungeon.
             The game lasted 00:09:01 (2455 turns).

Matezma the Chopper (Octopode Monk)                 Turns: 2455, Time: 00:09:01

Health: 0/37       AC:  1    Str:  9 (11) XL:     5   Next: 36%
Magic:  5/5        EV: 14    Int: 12 (13) God:
Gold:   125        SH:  0    Dex: 11 (14) Spells: 4/4 levels left

rFire    . . .     SeeInvis .   f - +0 hand axe
rCold    . . .     Gourm    .   (no shield)
rNeg     . . .     Faith    .   (helmet restricted)
rPois    .         Spirit   .   (no amulet)
rElec    .         Reflect  .   (no ring)
rCorr    .         Harm     .   (no ring)
MR       .....                  (no ring)
Stlth    +++.......             (no ring)
HPRegen  0.12/turn              (no ring)
MPRegen  0.09/turn              (no ring)
                                (no ring)
                                (no ring)

@: lethally poisoned (0 -> -13)
A: almost no armour, stealthy swim, amphibious, 8 rings, constrict 8, camouflage
1, gelatinous body 1
a: no special abilities


You were on level 4 of the Dungeon.
You were not hungry.

You visited 1 branch of the dungeon, and saw 4 of its levels.

You collected 125 gold pieces.

Inventory:

Hand Weapons
 f - a +0 hand axe (weapon)
Missiles
 e - 28 stones (quivered)
Jewellery
 t - an uncursed ring of fire
Scrolls
 c - a scroll of immolation {unknown}
 d - 4 scrolls of remove curse
 g - a scroll of fog {unknown}
 j - 3 scrolls of identify
 m - a scroll of noise {unknown}
 r - 3 scrolls of amnesia {unknown}
 s - a scroll of teleportation {unknown}
Potions
 h - 3 potions of haste {unknown}
 i - a potion of brilliance {unknown}
 k - a potion of berserk rage {unknown}
 l - 2 potions of resistance {unknown}
 n - a potion of degeneration
 o - a potion of cancellation {unknown}
 p - a potion of flight {unknown}
 u - a potion of ambrosia {unknown}
 v - a potion of might {unknown}
Comestibles
 a - 2 chunks of flesh
 b - 7 rations


   Skills:
 + Level 3.9 Fighting
 * Level 4.6 Axes
 + Level 3.8 Dodging
 + Level 2.7 Stealth


You had 4 spell levels left.
You didn't know any spells.
Your spell library was empty.

Dungeon Overview and Level Annotations

Branches:
Dungeon (4/15)
 Temple: D:4-7

Altars:


Innate Abilities, Weirdness & Mutations

You cannot wear most types of armour.
You are very stealthy in the water. (Stealth+)
You are amphibious.
You can wear up to eight rings at the same time.
You can use your tentacles to constrict eight enemies at once.
Your skin changes colour to match your surroundings (Stealth+).
Your rubbery body absorbs attacks. (AC +1, EV +1)


Message History

You are too injured to fight recklessly!
You are too injured to fight recklessly!
You hit the scorpion but do no damage.
The scorpion is moderately wounded.
You constrict the scorpion, but do no damage.
You feel sick. The scorpion closely misses you.
You hit the scorpion but do no damage. You squeeze the scorpion.
The scorpion is heavily wounded.
You constrict the scorpion.
You feel sick. The scorpion barely misses you.
You hit the scorpion.
The scorpion is severely wounded.
You constrict the scorpion.
You feel sick. The scorpion stings you!
* * * LOW HITPOINT WARNING * * *
It was a potion of degeneration.
There was something very wrong with that liquid.
You feel weakened.
You feel dopey.
You feel clumsy.
You constrict the scorpion.
* * * LOW HITPOINT WARNING * * *
You feel sick. The scorpion stings you.
You die...

......# .....## ..
(..... ... #
##(.#.##.!.
#.###.>.........#
#...............##
.......s.........
#..@........
#.........#
#.........#
#.........#
#.........#
#.........# #
##.####.### ### #..#
#..# ##..
#.#####..########..#


You could see a scorpion.

Vanquished Creatures
  4 adders
  2 worms
  7 dart slugs
  3 leopard geckos
  7 orcs
  3 ball pythons
  6 giant cockroaches
  12 goblins
  5 hobgoblins
  7 jackals
  6 kobolds
  A quokka (D:4)
  10 bats
  4 frilled lizards
  10 rats
87 creatures vanquished.

Notes
Turn   | Place    | Note
-------+----------+-------------------------------------------
     0 | D:1      | Matezma the Octopode Monk began the quest for the Orb.
     0 | D:1      | Reached XP level 1. HP: 16/16 MP: 1/1
    70 | D:1      | Reached XP level 2. HP: 17/21 MP: 2/2
   310 | D:1      | Reached XP level 3. HP: 25/26 MP: 3/3
   785 | D:2      | Reached skill level 4 in Axes
   823 | D:2      | Reached XP level 4. HP: 31/31 MP: 4/4
  1482 | D:3      | Found a faded altar of an unknown god.
  1727 | D:3      | Reached XP level 5. HP: 29/37 MP: 5/5
  1857 | D:3      | Found a glowing drain.
  2455 | D:4      | Slain by a scorpion

Skill      XL: |  1  2  3 |
---------------+----------+-----
Axes           | 4 |  4.6
Fighting       | |  3.9
Dodging        | |  3.8
Stealth        | |  2.7

Action                   |  1- 3 |  4- 6 || total
-------------------------+-------+-------++-------
Melee: Hand axe          |    63 |    96 ||   159
       Constrict         |    20 |    24 ||    44
       Tentacles         |    14 |    21 ||    35
Throw: Tomahawk          |       |     2 ||     2
  Use: Scroll            |       |     2 ||     2
       Potion            |       |     1 ||     1
 Stab: Sleeping          |    13 |     8 ||    21
       Distracted        |       |     1 ||     1
  Eat: Chunk             |       |     5 ||     5
Armor: Skin              |    10 |     5 ||    15
Dodge: Dodged            |    51 |    61 ||   112
